 Dungeon Crawl Stone Soup version 0.26-a0-665-gefeb406119 (webtiles) character file.

Game seed: 12222102012512569755

23 jasper the Insei (level 3, 0/17 HPs)
             Began as a Vine Stalker Transmuter on Oct 15, 2020.
             Was an Initiate of Nemelex Xobeh.
             Slain by an adder (2 damage)
             ... on level 2 of the Dungeon.
             The game lasted 00:01:16 (1577 turns).

jasper the Insei (Vine Stalker Transmuter)          Turns: 1577, Time: 00:01:17

Health: 0/17       AC:  3    Str: 12    XL:     3   Next: 0%
Magic:  0/7        EV: 12    Int: 14    God:    Nemelex Xobeh [......]
Gold:   77         SH:  0    Dex: 14    Spells: 5/6 levels left

rFire    . . .     SeeInvis .     - Unarmed
rCold    . . .     Faith    .   (no shield)
rNeg     . . .     Spirit   +   a - +0 robe
rPois    .         Reflect  .   (helmet currently unavailable)
rElec    .         Harm     .   (no cloak)
rCorr    .         Rampage  .   i - +0 pair of gloves
MR       .....                  (boots currently unavailable)
Stlth    +.........             k - amulet of inaccuracy (curse)
HPRegen  0.05/turn              (no ring)
MPRegen  0.10/turn              (no ring)

@: brilliant, lethally poisoned (0 -> -7), appendages
A: fangs 2, horns 2, talons 2, magic shield, antimagic bite, no potion heal 3,
rot immunity
a: End Transformation, Draw Escape, Draw Destruction, Draw Summoning, Renounce
Religion


You were on level 2 of the Dungeon.
You worshipped Nemelex Xobeh.
Nemelex Xobeh was noncommittal.
You had grown temporary horns.
You had grown temporary talons.
You visited 1 branch of the dungeon, and saw 2 of its levels.

You collected 77 gold pieces.

Inventory:

Missiles
 h - 51 stones (quivered)
Armour
 a - a +0 robe (worn)
 g - a +0 pair of boots (melded)
 i - a +0 pair of gloves (worn)
Jewellery
 k - a cursed amulet of inaccuracy (around neck)
 l - an uncursed ring of protection from fire {unknown}
Scrolls
 b - a scroll of teleportation {unknown}
 c - 4 scrolls of identify {unknown}
 d - a scroll of amnesia {unknown}
 f - a scroll of enchant weapon {unknown}
 j - a scroll of noise {unknown}


   Skills:
 - Level 0.8 Fighting
 - Level 1.5 Dodging
 + Level 4.1 Unarmed Combat
 - Level 2.1 Spellcasting
 - Level 2.0 Transmutations


You had 5 spell levels left.
You knew the following spells:

 Your Spells              Type           Power        Failure   Level
a - Beastly Appendage     Tmut           ##....       11%         1

Your spell library contained the following spells:

 Spells                   Type           Power        Failure   Level
 Wereblood                Tmut           ##......     16%         2
 Spider Form              Tmut/Pois      #.........   43%         3
 Ice Form                 Ice/Tmut       #.......     83%         4
 Blade Hands              Tmut           ##........   96%         5


Dungeon Overview and Level Annotations

Branches:
Dungeon (2/15)

Altars:
Nemelex Xobeh


Innate Abilities, Weirdness & Mutations

You have extremely sharp teeth.
When hurt, damage is shared between your health and your magic reserves.
Your bite disrupts and absorbs the magic of your enemies.
Potions cannot restore your health.
You are immune to rotting.
You have a pair of horns on your head.
You have razor-sharp toenails.


Message History

* * * LOW HITPOINT WARNING * * *
You feel sick. The adder bites you. The adder closely misses you.
You take 1 damage, and have 4/17 hp.
You now have 1/7 mp.
You miss the adder. Your kick misses the adder. Your bite misses the adder.
The adder is almost dead.
The adder bites you.
* * * LOW HITPOINT WARNING * * *
You are more poisoned.
The adder poisons you!
You take 1 damage, and have 3/17 hp.
You now have 0/7 mp.
It was a potion of brilliance.
You feel clever all of a sudden.
* * * LOW HITPOINT WARNING * * *
You feel sick. The adder closely misses you.
You take 1 damage, and have 2/17 hp.
You closely miss the adder. Your bite misses the adder.
The adder is almost dead.
The adder bites you.
You die...
Your body disappears without a glow.

####### ###
....... #.#
...[...
##.######
.......
#.......#
.......
##.####.#
.[..... #.#
#.#####.......
#.#
#....@Sg?.#
#.#
###########
#.# #<# #.#
#.#
#.####'####
#.#).†....#
#.'.......#
###.......#
#########


You could see an adder and a hobgoblin.

Vanquished Creatures
  2 dart slugs (D:1)
  2 goblins (D:1)
  A hobgoblin (D:1)
  6 jackals (D:1)
  A bat (D:1)
  3 kobolds
  3 rats
18 creatures vanquished.

Notes
Turn   | Place    | Note
-------+----------+-------------------------------------------
     0 | D:1      | jasper the Vine Stalker Transmuter began the quest for the
                  | Orb.
     0 | D:1      | Reached XP level 1. HP: 9/9 MP: 4/4
   115 | D:1      | Reached XP level 2. HP: 11/14 MP: 3/6
  1104 | D:1      | Reached skill level 4 in Unarmed Combat
  1201 | D:1      | Found a sparkling altar of Nemelex Xobeh.
  1444 | D:1      | Became a worshipper of Nemelex Xobeh the Trickster
  1483 | D:2      | Reached XP level 3. HP: 14/17 MP: 5/7
  1577 | D:2      | Slain by an adder

Illustrated notes

Levels and vault maps discovered:
D:1:      dpeg_arrival_long_road, layout_basic, minmay_misc_feat_more_columns,
          nemelex_xobeh_ov_fountains_minmay
D:2:      layout_basic, old_standard_altar, lemuel_crystal_altar,
          minmay_pentomino_u2, uniq_crazy_yiuf_cottage

Skill      XL: |  1  2 |
---------------+-------+-----
Unarmed Combat | 4 |  4.1
Fighting       | |  0.8
Dodging        | |  1.5
Spellcasting   | |  2.1
Transmutations | |  2.0

Action                   || total
-------------------------++-------
Melee: Unarmed           ||    59
       Headbutt          ||     7
       Kick              ||    12
       Bite              ||     9
 Cast: Beastly Appendage ||    10
  Use: Potion            ||     1
 Stab: Sleeping          ||     2
Armor: Robe              ||     7
Dodge: Dodged            ||    38

Table legend: (Time is in decaauts)
 A = Elapsed time spent in this place.
 B = Non-inter-level travel time spent in this place.
 C = Inter-level travel time spent in this place.
 D = Time resting spent in this place.
 E = Time spent auto-exploring this place.
 F = Levels seen in this place.
 G = Mean time per level.
                   A        B        C        D        E       F      G
               +--------+--------+--------+--------+--------+-----+--------+
         Total |   1573 |   1428 |    145 |      8 |   1272 |   2 |  786.5 |
       Dungeon |   1573 |   1428 |    145 |      8 |   1272 |   2 |  786.5 |
               +--------+--------+--------+--------+--------+-----+--------+

Top non-repeatable levels by time:
     D:1: 1471 daAuts
     D:2: 101 daAuts
